 Dungeon Crawl Stone Soup version 0.17.0-18-gaab0e96 (webtiles) character file.

88 JudasIscariot the Ruffian (level 4, -5/40 HPs)
             Began as a Ghoul Monk on Nov 11, 2015.
             Killed from afar by an orc wizard (7 damage)
             ... with a magic dart
             ... on level 3 of the Dungeon.
             The game lasted 00:05:29 (1589 turns).

JudasIscariot the Ruffian (Ghoul Monk)              Turns: 1589, Time: 00:05:31

Health: -5/40      AC:  2    Str: 14    XL:     4   Next: 53%
Magic:  3/3        EV: 13    Int:  5    God:
Gold:   117        SH:  0    Dex: 12    Spells: 0 memorised, 3 levels left

rFire  . . .     SeeInvis .       - Unarmed
rCold  + . .     Clarity  .     a - +0 robe
rNeg   + + +     SustAt   .     (no shield)
rPois  ∞         Gourm    .     (no helmet)
rElec  .         Spirit   .     (no cloak)
rCorr  .         Warding  .     (no gloves)
rMut   .         Stasis   .     (no boots)
MR     .....                    p - amulet of rage
Stlth  ++........               (no ring)
                                (no ring)

@: rotting, slowed, very slow, not resistant to hostile enchantments, unstealthy
A: rotting body, claws 1, carnivore 3, cold resistance 1, negative energy
resistance 3, slow regeneration 1, torment resistance, unbreathing
a: no special abilities


You were on level 3 of the Dungeon.
You were not hungry.

You visited 1 branch of the dungeon, and saw 3 of its levels.

You collected 117 gold pieces.

Inventory:

Armour
 a - a +0 robe (worn)
Jewellery
 p - an amulet of rage (around neck)
Scrolls
 d - 3 scrolls of teleportation {unknown}
 e - 2 scrolls of remove curse {unknown}
 g - a scroll of blinking {unknown}
 i - 3 scrolls of identify {unknown}
 l - a scroll of enchant weapon {unknown}
 n - a scroll of magic mapping {unknown}
 o - a scroll of recharging {unknown}
 s - a scroll of amnesia {unknown}
Potions
 c - 2 potions of brilliance {unknown}
 f - a potion of invisibility {unknown}
 h - a potion of magic {unknown}
 j - 2 potions of mutation {unknown}
 k - a potion of heal wounds {unknown}
 m - a potion of cancellation {unknown}
 q - a potion of resistance {unknown}
Comestibles
 b - a meat ration


   Skills:
 * Level 3.9 Fighting
 * Level 3.4 Dodging
 - Level 2.1 Stealth
 * Level 5.3 Unarmed Combat


You had 3 spell levels left.
You didn't know any spells.

Dungeon Overview and Level Annotations

Branches:
Dungeon (3/15)

Altars:


Innate Abilities, Weirdness & Mutations

Your body is rotting away.
You thrive on raw meat.
You are immune to poison.
You have sharp fingernails.
You are carnivorous and can eat meat at any time.
Your flesh is cold resistant.
You are immune to negative energy.
You regenerate slowly when monsters are visible.
You are immune to unholy pain and torment.
You can survive without breathing.


Message History

You barely miss the orc wizard.
The orc wizard is lightly wounded.
The orc wizard points at you and mumbles some strange words.
You feel as though you will be slow longer.
The orc wizard casts a spell at you. The magic dart hits you!
* * * LOW HITPOINT WARNING * * *
The orc wizard gestures wildly while chanting.
The orc wizard blinks!
Unknown command.
Eat which item? (? for menu, Esc to quit)
Okay, then.
You scratch the orc wizard. Your claw misses the orc wizard.
The orc wizard is lightly wounded.
The orc wizard casts a spell at you. The puff of frost hits you! You resist.
* * * LOW HITPOINT WARNING * * *
The orc wizard gestures at you while chanting.
The magic dart hits you!
You die...

.#.######## #...# ######## .#.#
#...# #....... .#.# #... #.######
.#.# #..# #.# .#.# #..# #.#
.#.#############..##.# #.#
....#........§.......# #.#
#####.##.........######.##.#
#...............@o).....##.#
#.###.##........o#########.# #.#
#.##.........# #.# #.#
#.##.........#########.# #.#
#.#############........###### ..#
#.#############.#............ ..#
#.............#.#.########### ..#
#############.#.#.##.........
..############.##.#.#.##.########


You could see 2 orc wizards.

Vanquished Creatures
  2 adders
  An ooze (D:2)
  A worm (D:2)
  A giant gecko (D:2)
  An orc (D:3)
  A ball python (D:2)
  A giant cockroach (D:1)
  5 hobgoblins
  9 jackals (D:2)
  A quokka (D:3)
  7 bats
  5 giant newts
  9 goblins
  8 kobolds
  8 rats
60 creatures vanquished.

Notes
Turn   | Place    | Note
--------------------------------------------------------------
     0 | D:1      | JudasIscariot the Ghoul Monk began the quest for the Orb.
     0 | D:1      | Reached XP level 1. HP: 19/19 MP: 0/0
   235 | D:1      | Reached XP level 2. HP: 26/26 MP: 1/1
   572 | D:2      | Reached XP level 3. HP: 31/31 MP: 2/2
   765 | D:2      | Reached skill level 5 in Unarmed Combat
  1031 | D:2      | Reached XP level 4. HP: 35/40 MP: 3/3
  1589 | D:3      | HP: 2/40 [orc wizard/puff of frost (5)]
  1589 | D:3      | Killed from afar by an orc wizard

Action                   |  1- 3 |  4- 6 || total
-------------------------+-------+-------++-------
Melee: Unarmed           |   103 |    52 ||   155
 Stab: Sleeping          |     2 |     2 ||     4
  Eat: Chunk             |    23 |     7 ||    30
